 Dungeon Crawl Stone Soup version 0.23-a0-80-gc95c2c7 (webtiles) character file.

96 Amnesiac the Gusty (level 4, -1/30 HPs)
             Began as a Mummy Air Elementalist on Aug 13, 2018.
             Slain by an ice beast (7 damage)
             ... on level 4 of the Dungeon.
             The game lasted 00:03:34 (1663 turns).

Amnesiac the Gusty (Mummy Air Elementalist)         Turns: 1663, Time: 00:03:34

Health: -1/30      AC:  2    Str: 11    XL:     4   Next: 41%
Magic:  1/9        EV: 12    Int: 15    God:
Gold:   62         SH:  0    Dex: 12    Spells: 5/10 levels left

rFire    x . .     SeeInvis .   (no weapon)
rCold    + . .     Gourm    .   (no shield)
rNeg     + + +     Faith    .   a - +0 robe
rPois    ∞         Spirit   .   (no helmet)
rElec    .         Reflect  .   (no cloak)
rCorr    .         Harm     .   (no gloves)
MR       .....                  (no boots)
Stlth    ++........             (no amulet)
HPRegen  0.10/turn              (no ring)
MPRegen  0.11/turn              (no ring)

@: no status effects
A: no food or potions, fire vulnerability, cold resistance 1, negative energy
resistance 3, torment resistance, unbreathing
a: no special abilities


You were on level 4 of the Dungeon.
You were not hungry.

You visited 1 branch of the dungeon, and saw 4 of its levels.

You collected 62 gold pieces.

Inventory:

Armour
 a - a +0 robe (worn)
Wands
 f - a wand of flame (25)
Scrolls
 b - a scroll of teleportation {!r, unknown}
 c - a scroll of blinking {!r, unknown}
 d - 3 scrolls of remove curse {!r, unknown}
 e - 2 scrolls of identify {!r, unknown}
 g - a scroll of random uselessness {!r, unknown}


   Skills:
 - Level 1.5 Dodging
 - Level 1.5 Stealth
 + Level 3.8 Spellcasting
 - Level 0.7 Conjurations
 * Level 3.9 Air Magic


You had 5 spell levels left.
You knew the following spells:

 Your Spells              Type           Power        Failure   Level  Hunger
a - Shock                 Conj/Air       #...         7%          1    N/A
d - Airstrike             Air            ##........   36%         4    N/A

Your spell library contained the following spells:

 Spells                   Type           Power        Failure   Level  Hunger
 Lightning Bolt           Conj/Air       #.........   89%         5    N/A
 Swiftness                Chrm/Air       #.......     12%         2    N/A
 Static Discharge         Conj/Air       #.......     22%         3    N/A

Dungeon Overview and Level Annotations

Branches:
Dungeon (4/15)
 Temple: D:4-7

Altars:
Yredelemnul


Innate Abilities, Weirdness & Mutations

You do not eat or drink.
Your flesh is vulnerable to fire.
You are immune to poison.
Your flesh is cold resistant. (rC+)
You are immune to negative energy. (rN+++)
You are immune to unholy pain and torment.
You can survive without breathing.


Message History

Aiming: Shock (safe; 7% risk of failure)
Press: ? - help, Shift-Dir - straight line The zap hits the ice beast.
The ice beast is heavily wounded.
The zap misses the ice beast.
The ice beast hits you but does no damage.
Unknown command.
Casting: Shock (safe; 7% risk of failure)
Confirm with . or Enter, or press ? or * to list all spells.
Aiming: Shock (safe; 7% risk of failure)
Press: ? - help, Shift-Dir - straight line The zap hits the ice beast.
The ice beast is heavily wounded.
The zap hits the ice beast.
The ice beast appears unharmed.
The ice beast is heavily wounded.
The ice beast closely misses you. The adder bites you.
Unknown command.
Casting: Shock (safe; 7% risk of failure)
Confirm with . or Enter, or press ? or * to list all spells.
Aiming: Shock (safe; 7% risk of failure)
Press: ? - help, Shift-Dir - straight line The zap hits the ice beast.
The ice beast is severely wounded.
The zap misses the ice beast.
The adder misses you. The ice beast hits you. The ice beast freezes you.
You resist.
* * * LOW HITPOINT WARNING * * *
The adder closely misses you.
Unknown command.
Casting: Shock (safe; 7% risk of failure)
Confirm with . or Enter, or press ? or * to list all spells.
Aiming: Shock (safe; 7% risk of failure)
Press: ? - help, Shift-Dir - straight line The zap hits the ice beast.
The ice beast is severely wounded.
The zap hits the ice beast.
The ice beast is almost dead.
The ice beast hits you.
* * * LOW HITPOINT WARNING * * *
The ice beast freezes you. You resist.
* * * LOW HITPOINT WARNING * * *
The adder bites you but does no damage.
Unknown command.
Casting: Shock (safe; 7% risk of failure)
Confirm with . or Enter, or press ? or * to list all spells.
Aiming: Shock (safe; 7% risk of failure)
Press: ? - help, Shift-Dir - straight line The zap hits the ice beast.
The ice beast appears unharmed.
The ice beast is almost dead.
The zap hits the ice beast.
The ice beast is almost dead.
The ice beast misses you. The adder closely misses you.
Unknown command.
Casting: Shock (safe; 7% risk of failure)
Confirm with . or Enter, or press ? or * to list all spells.
Aiming: Shock (safe; 7% risk of failure)
Press: ? - help, Shift-Dir - straight line The zap hits the ice beast.
The ice beast is almost dead.
The zap misses the ice beast.
The adder bites you.
* * * LOW HITPOINT WARNING * * *
The ice beast hits you.
* * * LOW HITPOINT WARNING * * *
The ice beast freezes you! You resist.
You die...

#.>.....#.#
........#.
..........
......[..##
.........<#
..........#
......S...##
.......@Y..#
........<###
.......###
.....##
...## .. .


You could see an ice beast and an adder.

Vanquished Creatures
  5 adders
  2 oozes (D:2)
  2 worms
  A leopard gecko (D:2)
  5 orcs (D:3)
  2 giant cockroaches
  A goblin (D:1)
  3 hobgoblins
  2 jackals (D:3)
  A ball python (D:2)
  3 bats
  2 frilled lizards
  4 kobolds
  4 rats
37 creatures vanquished.

Notes
Turn   | Place    | Note
-------+----------+-------------------------------------------
     0 | D:1      | Amnesiac the Mummy Air Elementalist began the quest for the Orb.
     0 | D:1      | Reached XP level 1. HP: 13/13 MP: 4/4
   329 | D:1      | Reached XP level 2. HP: 19/19 MP: 2/5
   695 | D:2      | Reached XP level 3. HP: 16/24 MP: 2/7
   731 | D:2      | HP: 1/24 [adder (5)]
  1253 | D:3      | Found a basalt altar of Yredelemnul.
  1263 | D:3      | Reached XP level 4. HP: 30/30 MP: 1/9
  1339 | D:3      | Learned a level 4 spell: Airstrike
  1645 | D:3      | Noticed an ice beast
  1663 | D:4      | Slain by an ice beast

Vault maps used:
D:1:      dpeg_arrival_windows_large_door, minmay_hexomino_p4
D:2:      kennysheep_cross_bottleneck, hex_intersection
D:3:      yredelemnul_altar_generic, makhleb_heckhound_becter
D:4:      temple_statues, first_ration

Skill      XL: |  1  2 |
---------------+-------+-----
Spellcasting   | 3 |  3.8
Air Magic      | 3 |  3.9
Dodging        | |  1.5
Stealth        | |  1.5
Conjurations   | |  0.7

Action                   |  1- 3 |  4- 6 || total
-------------------------+-------+-------++-------
Melee: Unarmed           |     2 |     2 ||     4
 Cast: Shock             |    62 |    30 ||    92
Armor: Robe              |     8 |     4 ||    12
Dodge: Dodged            |    32 |    20 ||    52

Table legend:
 A = Non-vault XP
 B = Vault XP
 C = Vault XP percentage of total XP
 D = Non-vault monster count
 E = Vault monster count
 F = Vault count percentage of total count
 G = Total turns spent on level
                 A         B        C        D         E       F
            +---------+---------+-------+---------+---------+-------
      Total |     138 |       0 |   0.0 |      37 |       0 |   0.0
            +---------+---------+-------+---------+---------+-------
        D:1 |      14 |       0 |   0.0 |      10 |       0 |   0.0
        D:2 |      70 |       0 |   0.0 |      14 |       0 |   0.0
        D:3 |      54 |       0 |   0.0 |      13 |       0 |   0.0
            +---------+---------+-------+---------+---------+-------
